[Event "FIDE WCCC U10 2018"]
[Site "Santiago de Compostela"]
[Date "2018.11.13"]
[Round "9"]
[White "Cherniaiev, Tykhon"]
[Black "Hladky, Tadeas"]
[Result "1-0"]
[ECO "C67"]
[WhiteElo "1940"]
[BlackElo "1764"]
[Annotator "NA RC"]
[PlyCount "47"]
[EventDate "2018.11.04"]
[EventType "swiss"]
[EventCountry "ESP"]
[SourceTitle "playchess.com"]
[Source "ChessBase"]
[SourceQuality "1"]
[TimeControl "40/5400+30:1800+30"]

1. e4 e5 2. Nf3 Nc6 3. Bb5 Nf6 4. O-O Nxe4 5. d4 Nd6 6. Bxc6 dxc6 7. dxe5 Nf5 8. Qxd8+ Kxd8 9. b3 h6 {[%emt 0:05:59] LiveBook: 40 Games} 10. Rd1+ {[%emt 0:01:44] C67: Spanische Partie (Berliner Verteidigung)} Ke8 11. c4 (11. h3 Be6 12. Bb2 a5 13. c4 Bb4 14. Na3 Bxa3 15. Bxa3 b6 16. g4 Ne7 17. Nd4 c5 18. Nb5 Rc8 19. Na7 Ra8 20. Nb5 Rc8 21. Na7 Ra8 {½-½ (21) Sasikiran,K (2672)-Shankland,S (2722) Batumi 2018}) 11... Be7 12. Bb2 Be6 13. Nc3 Rd8 14. Ne2 Bc5 $146 ({Vorgänger:} 14... Bc8 15. Nf4 h5 16. Rxd8+ Bxd8 17. Rd1 Rh6 18. h3 {½-½ (43) Kristol,L-Litinskaya,M USSR 1970}) 15. Rxd8+ Kxd8 16. Rd1+ Kc8 17. h3 Rd8 (17... a6 $11) 18. Rxd8+ Kxd8 19. Nf4 Ke8 20. g4 Ne7 21. Nd3 Bb6 22. c5 Ba5 23. b4 Bd5 (23... Bxb4 $16 24. Nxb4 a5) 24. Nfe1 $18 1-0

[Event "FIDE WCCC U10 2018"]
[Site "Santiago de Compostela"]
[Date "2018.11.13"]
[Round "9"]
[White "Habans Aguerrea, Javier"]
[Black "Cnejev, Vladimir-Alexandru"]
[Result "1/2-1/2"]
[ECO "D00"]
[WhiteElo "1892"]
[BlackElo "1810"]
[Annotator "NA RC"]
[PlyCount "149"]
[EventDate "2018.11.04"]
[EventType "swiss"]
[EventCountry "ESP"]
[SourceTitle "playchess.com"]
[Source "ChessBase"]
[SourceQuality "1"]
[TimeControl "40/5400+30:1800+30"]

1. d4 d5 2. Bf4 Nf6 3. e3 e6 4. Nf3 c5 5. Nbd2 Nc6 6. c3 Bd6 7. Bg3 O-O 8. Bd3 b6 9. Qe2 {[%emt 0:00:08] D02: 1 d4 d5 2 Nf3 sidelines, including 2...Nf6 3 g3 and 2...Nf6 3 Bf4} (9. e4 Be7 10. e5 Nh5 11. Nf1 cxd4 12. Nxd4 Nxd4 13. cxd4 g6 14. Ne3 f5 15. exf6 Bxf6 16. Be2 Nxg3 17. hxg3 {½-½ (37) Nakamura,H (2787)-Svidler,P (2760) Moscow 2018}) 9... Bb7 10. Rd1 a5 11. e4 Be7 12. e5 (12. O-O $11) 12... Nh5 13. a3 {[%emt 0:11:28] [#]} g6 $146 ({Predecessor:} 13... h6 14. Nf1 Qc8 15. Ne3 Ba6 16. O-O Bxd3 17. Rxd3 {0-1 (71) Paehtz,E (2472)-Kosteniuk,A (2555) Asnieres sur Seine 2018}) 14. Qe3 Ba6 15. Bb1 (15. Bxa6 $11 Rxa6 16. O-O) 15... cxd4 16. cxd4 a4 ({Of course not} 16... Nxg3 $6 17. hxg3 f5 18. exf6 $14 (18. Qh6 Rf7 $11)) 17. Bf4 f6 18. Bh6 {[%emt 0:01:25] [#]} ({White should try} 18. g3 $1 $15) 18... Re8 $2 (18... fxe5 $1 $17 19. Bxf8 (19. Nxe5 Nxe5 20. Qxe5 Bd6 $19) (19. dxe5 Bc5) 19... Qxf8) 19. Bd3 Bxd3 20. Qxd3 fxe5 21. Nxe5 (21. dxe5 $11 Qb8 22. Qc3) 21... Nxe5 22. dxe5 Bg5 23. Bxg5 Qxg5 24. g3 Qxe5+ 25. Qe3 Qxe3+ 26. fxe3 Rac8 27. Nb1 Rc2 28. Rd2 Rc1+ 29. Rd1 Rc4 30. Nc3 Rec8 31. Ke2 Nf6 32. Rd4 Rxd4 33. exd4 Rc4 34. Rf1 Kf7 ({Black should try} 34... Ne8 $15) 35. Kd3 Ke7 36. h3 (36. Re1 $5 Kd6 37. Rf1 $11) 36... Ne8 37. Re1 Kf7 38. Rf1+ Kg7 39. Rf2 (39. Nb5 $15) 39... Nd6 40. Re2 Kf6 41. g4 b5 42. Rf2+ Ke7 43. Re2 Kd7 44. Rf2 Rc8 45. h4 Kc6 (45... Rh8 $17 46. Rf3 h5) 46. Rf6 Re8 47. Kc2 Re7 48. Rf8 {[%emt 0:00:31] [#]} Rf7 $1 49. Rxf7 Nxf7 50. Nd1 {[%emt 0:00:22] [#]} (50. Ne2 $142) 50... Nd6 (50... b4 $1 $19 51. Kd3 (51. axb4 Kb5) 51... Kb5) 51. Kd3 (51. Nf2 $142) 51... Nc4 52. Kc3 e5 53. Kd3 {[%emt 0:01:09] [#]} e4+ (53... b4 $142 $1 54. Kc2 (54. axb4 Nxb2+) 54... bxa3 55. bxa3 exd4) 54. Kc2 Kd6 55. b3 Nxa3+ 56. Kb2 b4 57. Ne3 axb3 58. Kxb3 Nc4 (58... Nb5 $142 59. Nc2 Nc3 60. Nxb4 Nd1) 59. Ng2 Nd2+ 60. Kxb4 Nf3 61. Kc3 h5 $2 (61... Kc6 $19 62. h5 gxh5 63. gxh5 Kd6) 62. gxh5 gxh5 63. Nf4 Nxh4 64. Nxh5 Ng2 ({Black should play} 64... Nf5 $17 65. Nf4 Kc6) 65. Nf6 (65. Kd2 $11) 65... Ke6 66. Ne8 Kf5 ({Black should try} 66... Ne3 $17 67. Nc7+ Kd7) 67. Nc7 $1 Nf4 68. Kd2 Kf6 69. Ke3 Kf5 70. Kf2 Nd3+ 71. Ke3 Nb4 72. Nb5 Na6 73. Nd6+ $11 Ke6 {[%emt 0:00:04] [#]} 74. Nxe4 $1 dxe4 75. Kxe4 {[%emt 0:00:08] Ke5+} 1/2-1/2

[Event "FIDE WCCC U10 2018"]
[Site "Santiago de Compostela"]
[Date "2018.11.13"]
[Round "9"]
[White "Seemann, Jakub"]
[Black "Wilson, Ronen"]
[Result "1-0"]
[ECO "B94"]
[WhiteElo "1869"]
[BlackElo "1761"]
[Annotator "NA RC"]
[PlyCount "85"]
[EventDate "2018.11.04"]
[EventType "swiss"]
[EventCountry "ESP"]
[SourceTitle "playchess.com"]
[Source "ChessBase"]
[SourceQuality "1"]
[TimeControl "40/5400+30:1800+30"]

1. e4 c5 2. Nf3 d6 3. d4 cxd4 4. Nxd4 Nf6 5. Nc3 a6 6. Bg5 Nbd7 7. f4 Qc7 8. Qf3 {[%emt 0:00:09] B94: Sicilian Najdorf: 6 Bg5 Nbd7} h6 9. Bxf6 Nxf6 10. f5 e5 {[%emt 0:09:33] LiveBook: 11 Games} 11. fxe6 fxe6 12. O-O-O Be7 13. g3 e5 $146 ({Predecessor:} 13... Bd7 14. Bh3 Qc4 15. e5 dxe5 16. Qxb7 exd4 17. Qxa8+ {1-0 (43) Guliyev,N (2549)-Moussard,J (2426) Paris 2011}) 14. Nf5 Bxf5 15. Qxf5 O-O 16. Qe6+ Kh8 17. Nd5 Nxd5 18. Qxd5 Rf2 19. Bd3 Rc8 20. Qb3 b5 21. Rdf1 Rcf8 22. Rxf2 Rxf2 23. a4 Qa5 24. Kb1 bxa4 25. Qb7 Bf8 26. Qxa6 Qb4 27. Qc4 Qa5 28. Rf1 Rxf1+ 29. Bxf1 d5 30. exd5 a3 31. bxa3 Qxa3 32. Bd3 Qa7 33. Qb5 (33. Qe4 $16 Qb6+ 34. Kc1 Qg1+ 35. Kd2 Qf2+ 36. Kd1 Qg1+ 37. Ke2 Qxh2+ 38. Kf3 Qh1+ 39. Kg4 Qxe4+ 40. Bxe4) 33... Qg1+ 34. Kb2 Qd4+ 35. c3 Qf2+ 36. Kb3 Qxh2 37. Qe8 $2 (37. Qb8 $18 Qf2 38. d6 Qf7+ 39. Kb2) 37... Qf2 38. Qg6 Kg8 39. Bf5 Qf3 $2 {[%emt 0:01:02] [#]} (39... Qe2 $14) 40. Qe6+ $1 Kh8 {[%emt 0:00:00] [#]} 41. Qf7 $1 Qd1+ 42. Bc2 Qxc2+ 43. Kxc2 1-0

[Event "FIDE WCCC U10 2018"]
[Site "Santiago de Compostela"]
[Date "2018.11.13"]
[Round "9"]
[White "Kolesov, Gordey"]
[Black "Orujov, Farid"]
[Result "1-0"]
[ECO "B20"]
[WhiteElo "1823"]
[BlackElo "1643"]
[Annotator "NA RC"]
[PlyCount "67"]
[EventDate "2018.11.04"]
[EventType "swiss"]
[EventCountry "ESP"]
[SourceTitle "playchess.com"]
[Source "ChessBase"]
[SourceQuality "1"]
[TimeControl "40/5400+30:1800+30"]

1. e4 c5 2. Ne2 d6 3. g3 g6 4. Bg2 Bg7 5. c3 Nc6 {[%emt 0:04:57] LiveBook: 160 Games} 6. d4 cxd4 7. cxd4 e5 {[%emt 0:00:59] B20: Sicilian: Unusual White 2nd moves} (7... h5 8. h3 Qb6 9. Nbc3 Nf6 10. Be3 Qd8 11. Qd2 Bd7 12. f4 O-O 13. O-O e6 14. e5 Ne8 15. Ne4 {1-0 (41) Quparadze,G (2503)-Duzhakov,I (2448) Batumi 2018}) 8. Be3 Qb6 (8... exd4 $14 9. Nxd4 Nf6) 9. d5 $146 ({Predecessor:} 9. Nbc3 exd4 10. Nd5 Qa5+ 11. b4 Nxb4 12. Bd2 {0-1 (27) Quarracino,S-Rey Besada,F (2169) Vicente Lopez 2004}) 9... Nd4 10. Nxd4 exd4 11. Bf4 Qxb2 (11... Nf6 $14) 12. Nd2 Be5 13. Bxe5 dxe5 14. O-O Qb4 (14... b5 {keeps fighting.} 15. f4 exf4 16. Rxf4 Nh6) 15. Rb1 Qe7 16. f4 f6 17. Nc4 b5 18. Na5 Bd7 19. Rc1 Nh6 20. Nc6 $2 (20. Rc7 $18) 20... Qd6 $1 21. Qd2 Ng4 22. fxe5 fxe5 23. Bh3 Rf8 24. Bxg4 Bxg4 25. Qg5 Be2 26. Rxf8+ Kxf8 27. Nxe5 Kg7 {[%emt 0:00:59] [#]} 28. Rc6 $18 Qf8 29. Rc7+ Kg8 30. Nf7 Qxf7 31. Rxf7 Kxf7 32. d6 h6 33. Qe7+ Kg8 34. d7 1-0

[Event "FIDE WCCC U10 2018"]
[Site "Santiago de Compostela"]
[Date "2018.11.13"]
[Round "9"]
[White "Dang, Anh Minh"]
[Black "Xiao, Tong"]
[Result "1/2-1/2"]
[ECO "A62"]
[WhiteElo "1817"]
[BlackElo "2022"]
[Annotator "NA RC"]
[PlyCount "73"]
[EventDate "2018.11.04"]
[EventType "swiss"]
[EventCountry "ESP"]
[SourceTitle "playchess.com"]
[Source "ChessBase"]
[SourceQuality "1"]
[TimeControl "40/5400+30:1800+30"]

1. d4 Nf6 2. c4 e6 3. g3 c5 4. d5 exd5 5. cxd5 d6 6. Nc3 g6 7. Bg2 Bg7 8. Nf3 O-O 9. O-O Re8 10. Bf4 a6 11. a4 Nh5 12. Bg5 {[%emt 0:01:38] A62: Modern Benoni: Fianchetto Variation without early ...Nbd7} Qc7 13. Qd2 Nd7 14. Rfe1 (14. Rfc1 b6 15. Rab1 Ndf6 16. Nh4 Ng4 17. h3 Ne5 18. b3 f6 19. Be3 f5 {0-1 (45) Jumabayev,R (2611)-Zhigalko,S (2671) Doha 2016}) 14... Rb8 {[%emt 0:10:33] LiveBook: 3 Games} 15. e4 b5 16. axb5 axb5 17. Bf1 $146 ({Predecessor:} 17. Rf1 c4 {½-½ (17) Rhode,H (2425)-Novikovas,A (2390) ICCF corr 2002}) 17... c4 18. Nd4 Ne5 19. Be2 b4 20. Ncb5 Qb6 21. Be3 Nf6 22. f3 Ba6 (22... Bd7 $11 23. Nf5 (23. Na7 Nxd5 24. Bf2 c3 $17) 23... c3) 23. Nf5 Qxb5 24. Nxd6 c3 25. bxc3 $2 {[%emt 0:00:57] [#]} (25. Qd1 $1 $14 {was forced to keep a grip.} Nxf3+ 26. Bxf3) 25... Qxe2 $1 26. Rxe2 Nxf3+ 27. Kg2 Nxd2 28. Rxa6 Red8 (28... Ndxe4 $17 29. Nxe8 Rxe8) 29. Bxd2 b3 30. Bc1 Nd7 31. Bb2 ({White has to play} 31. Nc4 $1 $15) 31... Nc5 32. Rc6 Na4 33. Kf3 Bxc3 34. Nc4 Nxb2 35. Nxb2 Be5 36. Ke3 Rb4 37. Rc4 $17 1/2-1/2

[Event "FIDE WCCC U10 2018"]
[Site "Santiago de Compostela"]
[Date "2018.11.13"]
[Round "9"]
[White "Milanovic, Marko"]
[Black "Uritsky, Yonathan"]
[Result "0-1"]
[ECO "B30"]
[WhiteElo "1803"]
[BlackElo "1902"]
[Annotator "NA RC"]
[PlyCount "118"]
[EventDate "2018.11.04"]
[EventType "swiss"]
[EventCountry "ESP"]
[SourceTitle "playchess.com"]
[Source "ChessBase"]
[SourceQuality "1"]
[TimeControl "40/5400+30:1800+30"]

1. e4 c5 2. Nf3 Nc6 3. Bb5 Nf6 4. Bxc6 dxc6 5. d3 g6 6. O-O Bg7 7. Nc3 O-O 8. Be3 b6 9. h3 e5 {[%emt 0:03:57] B31: Sicilian: 2...Nc6 3 Bb5 g6} 10. a4 {[%emt 0:04:34] LiveBook: 3 Games} (10. a3 Qe7 11. Qb1 Nh5 12. b4 f5 13. bxc5 f4 14. Bd2 bxc5 15. Qb3+ Be6 {0-1 (39) Caruana,F (2820)-Carlsen,M (2862) Wijk aan Zee 2015 CBM 165 [Stohl,I]}) 10... Nd7 11. Nd2 Re8 12. Nc4 $146 ({Predecessor:} 12. a5 Rb8 13. Nc4 Qe7 14. axb6 axb6 15. Ra7 b5 16. Na5 {1-0 (56) Ziska,H (2450)-Tari,A (2216) Oslo 2012}) 12... Nf8 13. f4 exf4 14. Bxf4 Ne6 15. Bg3 Nd4 16. Qd2 Be6 17. Nd6 Rf8 18. e5 Nf5 19. Nxf5 Bxf5 20. Rae1 Re8 21. Kh1 Qd4 22. Qf4 Rad8 23. Bh2 c4 24. g4 Be6 25. Re4 Qc5 26. dxc4 Qb4 27. Rb1 Bc8 28. Bg3 Bb7 29. Kh2 c5 30. Re2 (30. Nd5 $5 Qxa4 31. b3 $15) 30... Rd4 31. Qf2 Qxc4 32. Rf1 Qe6 33. Nb5 Rd7 ({Reject} 33... Rxa4 $6 34. Nc7 $14) 34. Rfe1 Ba6 35. Rd2 Bxb5 36. axb5 Rxd2 37. Qxd2 Qc4 38. Qe2 Qb4 39. c3 Qb3 40. Ra1 {[%emt 0:00:52] [#]} Bxe5 $1 41. Bxe5 f6 42. Rxa7 Rxe5 43. Qg2 Re8 ({Don't go for} 43... Qxb5 $2 {[#]} 44. c4 $1 $18 ) 44. Ra8 Qxb5 45. Qd5+ Kh8 46. Kg1 Rxa8 47. Qxa8+ Kg7 48. Qb7+ Kg8 49. Qd5+ Kf8 50. Qd8+ ({White should try} 50. Qe6 $11) 50... Kf7 51. Qd5+ Ke7 52. Qb7+ Kd6 53. Qb8+ Kd5 54. Qg8+ $1 Ke5 55. Qxh7 Qxb2 56. Qe7+ Kf4 57. Qxf6+ Kg3 58. Qd6+ $19 (58. Qe5+ $1 $11 Kf3 59. Qd5+ Ke3 60. Qe5+ Kd3 61. Qd6+ Ke3 62. Qe6+ Kd2 63. Qd6+ Kxc3 64. Qf6+ Kc2 65. Qxg6+ Kd2 66. Qh6+ Kd1 67. g5 Qd4+ 68. Kg2) 58... Kxh3 59. Qxg6 $2 (59. Qd3+ $19 Kh4 60. Kf1) 59... Qg2# 0-1

[Event "FIDE WCCC U10 2018"]
[Site "Santiago de Compostela"]
[Date "2018.11.13"]
[Round "9"]
[White "Bialiauski, Artsiom"]
[Black "Sosa Costa, Leonardo"]
[Result "1-0"]
[ECO "E61"]
[WhiteElo "1791"]
[BlackElo "1945"]
[Annotator "NA RC"]
[PlyCount "81"]
[EventDate "2018.11.04"]
[EventType "swiss"]
[EventCountry "ESP"]
[SourceTitle "playchess.com"]
[Source "ChessBase"]
[SourceQuality "1"]
[TimeControl "40/5400+30:1800+30"]

1. d4 Nf6 2. c4 g6 3. Nc3 Bg7 4. Bg5 O-O 5. e3 d6 6. Be2 c5 7. d5 Na6 8. Nf3 Nc7 9. O-O {[%emt 0:01:05] LiveBook: 6 Games E61: King's Indian: Early deviations for White, including Smyslov System} a6 (9... h6 10. Bh4 g5 11. Bg3 Nh5 12. Qc2 f5 13. Nd2 Qe8 14. Rae1 Bd7 15. f4 Nxg3 16. hxg3 g4 {1-0 (65) Melkumyan,H (2640)-Meskovs,N (2469) Warsaw 2016}) 10. a4 b6 (10... h6 $11 11. Bxf6 Bxf6) 11. Nd2 Rb8 12. e4 e6 $146 ({Predecessor:} 12... h6 13. Bh4 e5 14. dxe6 Nxe6 15. Nb3 Bb7 {1-0 (39) Slipak,S (2510)-Seminara,J (2320) Buenos Aires 1998}) 13. f4 Qd7 14. Nf3 (14. Re1 $14) 14... exd5 15. cxd5 Re8 16. Qd3 b5 17. e5 dxe5 18. Bxf6 c4 19. Qd2 Bxf6 20. Ne4 Bg7 21. d6 Ne6 22. Nxe5 Qa7+ 23. Kh1 Qd4 24. Nc6 Qxd2 25. Nxd2 Rb6 26. axb5 axb5 27. Ne7+ Kf8 28. f5 {[%emt 0:01:31] [#]} gxf5 $1 29. Nxf5 Bxb2 30. Ra7 Rb7 31. Rxb7 Bxb7 32. Bh5 Nd8 33. Nh6 Bd5 34. Nf3 Re6 35. Nxf7 Nxf7 36. Ng5 Re2 37. Bxe2 c3 (37... Ke8 $142 38. Nxf7 Kd7) 38. Nxf7 Bxf7 39. d7 Ke7 {[%emt 0:00:32] [#]} 40. Rxf7+ Kd8 41. Bxb5 1-0

[Event "FIDE WCCC U10 2018"]
[Site "Santiago de Compostela"]
[Date "2018.11.13"]
[Round "9"]
[White "Salinas Tomas, Daniel"]
[Black "Vetokhin, Savva"]
[Result "1/2-1/2"]
[ECO "C03"]
[WhiteElo "1772"]
[BlackElo "1874"]
[Annotator "NA RC"]
[PlyCount "116"]
[EventDate "2018.11.04"]
[EventType "swiss"]
[EventCountry "ESP"]
[SourceTitle "playchess.com"]
[Source "ChessBase"]
[SourceQuality "1"]
[TimeControl "40/5400+30:1800+30"]

1. e4 e6 2. d4 d5 3. Nd2 a6 4. Ngf3 Nf6 5. e5 Nfd7 6. Bd3 c5 7. c3 Nc6 8. O-O {C06: French Tarrasch: 3...Nf6 4 e5 Nfd7 5 Bd3 main lines} g5 9. Nb3 (9. dxc5 g4 10. Nd4 Ndxe5 11. N2b3 Nxd3 12. Qxd3 e5 13. Re1 Bg7 14. Nxc6 bxc6 15. Nd4 Qf6 {½-½ (43) Sokolov,I (2625)-Bauer,C (2630) Maastricht 2017}) 9... h6 10. Nxc5 {LiveBook: 6 Games} Bxc5 $146 ({Predecessor:} 10... Nxc5 11. dxc5 Bxc5 12. Qe2 Qc7 13. Re1 Bd7 14. Be3 Bf8 15. Bd4 Bg7 {0-1 (57) Daulyte,D (2395)-Socko,M (2463) Sochi 2015}) 11. dxc5 g4 12. Nd4 Ncxe5 13. Nb3 (13. Bc2 $16) 13... h5 14. Re1 Qf6 15. Be3 Rg8 16. Bd4 Qg5 17. Kh1 h4 18. Qe2 f6 (18... Nc6 $14) 19. Qe3 $2 (19. Bc2 $16) 19... Qg7 $2 ({Black should play} 19... Qxe3 $11 20. Rxe3 Nxd3 21. Rxd3 Kf7) 20. c4 g3 21. fxg3 hxg3 22. h3 Qg5 23. cxd5 Qxe3 24. Rxe3 exd5 25. Bf5 Rg5 26. Bxd7+ Kxd7 (26... Bxd7 $16 27. Rf1 Ke7) 27. Rae1 Ke6 28. Nd2 Kf7 29. Bxe5 Rxe5 30. Rxe5 fxe5 31. Rxe5 Be6 32. Rg5 d4 33. a3 Rc8 34. b4 b6 35. Ne4 bxc5 36. Nxc5 Rd8 (36... Rg8 $1 $14 37. Nxe6 Re8) 37. Rxg3 Bf5 38. Rf3 ({Not} 38. Nxa6 $2 d3 $19) 38... Kg6 39. Rf2 d3 40. Rd2 Kf6 41. Kg1 Ke5 $2 (41... a5 $16 42. bxa5 Rd5) 42. g4 ({And not} 42. Nxa6 Kd4 $11) 42... Bh7 (42... Be4 $16 43. Kf2 (43. Nxa6 Rh8 $14) 43... Rf8+ 44. Ke1 Rf3) 43. Kf2 Kd4 $2 (43... a5 44. Ke3 axb4) 44. Rxd3+ Bxd3 45. Ne6+ Kc3 46. Nxd8 Kb3 47. Nb7 Kxa3 48. Nc5 Bc4 49. Nxa6 Bxa6 50. g5 $2 (50. h4 {mates} Ka4 51. h5 Bd3 52. Ke3 Bc2 53. g5 Bd1 54. h6 Bc2 55. Kf4) 50... Kxb4 51. Ke3 Kc5 52. Kf4 Kd6 53. Kf5 Ke7 54. Kg6 Kf8 55. h4 Be2 56. Kh7 Bh5 57. Kh6 Be8 58. h5 Bxh5 $11 1/2-1/2

[Event "FIDE WCCC U10 2018"]
[Site "Santiago de Compostela"]
[Date "2018.11.13"]
[Round "9"]
[White "Todev, Simeon"]
[Black "Kadam Om Manish"]
[Result "0-1"]
[ECO "B90"]
[WhiteElo "1767"]
[BlackElo "2025"]
[Annotator "NA RC"]
[PlyCount "86"]
[EventDate "2018.11.04"]
[EventType "swiss"]
[EventCountry "ESP"]
[SourceTitle "playchess.com"]
[Source "ChessBase"]
[SourceQuality "1"]
[TimeControl "40/5400+30:1800+30"]

1. e4 c5 2. Nf3 d6 3. d4 cxd4 4. Nxd4 Nf6 5. Nc3 a6 6. Be3 e5 7. Nb3 Be7 8. f3 Be6 9. Qd2 Nbd7 10. g4 O-O {[%emt 0:00:52] B90: Sicilian Najdorf: Unusual White 6th moves, 6 Be3 Ng4 and 6 Be3 e5} (10... b5 11. g5 b4 12. Ne2 Nh5 13. Ng3 Nf4 14. Bxf4 exf4 15. Nh5 O-O 16. h4 Ne5 17. Qxf4 Qc7 18. O-O-O Rfc8 {1-0 (34) Aronian,L (2767)-Vachier Lagrave,M (2779) Saint Louis 2018}) 11. h4 b5 {[%emt 0:06:08] LiveBook: 3 Games} 12. h5 Nb6 13. g5 Nfd7 14. O-O-O $146 ({Predecessor:} 14. f4 Nc4 15. Bxc4 bxc4 16. Nc1 exf4 17. Bxf4 Ne5 {1-0 (33) Messaoudi,E (1840)-Khalef,E (2048) Algiers 2015}) 14... b4 (14... Nc4 $17 15. Bxc4 bxc4) 15. Nd5 Bxd5 16. exd5 a5 $1 17. g6 {[%emt 0:04:28] [#]} (17. Kb1 $11) 17... Nf6 ({Black should try} 17... a4 $1 $17 18. gxh7+ Kh8) 18. gxh7+ {[%emt 0:02:47] [#]} (18. Nc5 $11 dxc5 19. d6) 18... Kh8 $1 19. Bxb6 (19. Rg1 $15) 19... Qxb6 20. Bd3 $2 (20. Qd3 $17) 20... a4 21. Na1 a3 22. Bc4 Nxh7 23. h6 g6 24. Rdg1 axb2+ 25. Kxb2 Rfc8 26. Bb3 Bf6 27. Kb1 Rc3 28. Rg4 Rxf3 29. Rxb4 Qf2 30. Qxf2 Rxf2 31. Rb6 e4 32. Bc4 Be5 33. Nb3 Ng5 34. Rf1 Rh2 35. Bb5 e3 36. Re1 Ne4 37. a4 Nc3+ 38. Kc1 Nxb5 39. axb5 Bc3 40. Ra6 Re8 41. Rg1 e2 42. Kb1 Rf2 43. Nc1 Rf1 0-1

[Event "FIDE WCCC U10 2018"]
[Site "Santiago de Compostela"]
[Date "2018.11.13"]
[Round "9"]
[White "Nemsadze, Daviti"]
[Black "Atanasov, Anthony"]
[Result "0-1"]
[ECO "A16"]
[WhiteElo "1762"]
[BlackElo "1916"]
[Annotator "NA RC"]
[PlyCount "58"]
[EventDate "2018.11.04"]
[EventType "swiss"]
[EventCountry "ESP"]
[SourceTitle "playchess.com"]
[Source "ChessBase"]
[SourceQuality "1"]
[TimeControl "40/5400+30:1800+30"]

1. c4 Nf6 2. Nc3 d5 3. cxd5 Nxd5 4. g3 g6 5. Bg2 Nxc3 6. bxc3 c5 7. Rb1 Nd7 8. Qa4 Qc7 9. Nf3 Bg7 10. O-O O-O 11. d4 {LiveBook: 5 Games} Nb6 {[%emt 0:18:50] A34: Englische Eröffnung (Symmetrische Variante)} 12. Qa5 (12. Qa3 cxd4 13. cxd4 Bf5 14. Bf4 Qc4 15. e4 Be6 16. Qxe7 Qa6 17. Be5 Bc4 18. Bxg7 Kxg7 19. Rfe1 {1-0 (38) Zhou,J (2636)-Melkumyan,H (2600) Martuni 2011}) 12... cxd4 13. cxd4 Bf5 14. Bf4 Qd7 $146 ({Vorgänger:} 14... Qc2 15. Rbc1 Qxe2 16. Rfe1 Qb2 17. Rxe7 Rac8 18. Rxc8 Nxc8 19. Rc7 {½-½ (34) Petran,P (2336)-Palecek,P (2216) Zvolen 2000}) 15. Rbc1 Be4 16. Rfd1 Nd5 17. Ne5 Bxe5 $1 18. dxe5 Bxg2 19. Bh6 Qh3 20. Bxf8 $2 (20. Qd2 {nothing else works.} Rfc8 21. f3) 20... Be4 21. f3 Ne3 22. Kf2 Nxd1+ 23. Rxd1 Qxh2+ (23... Kxf8 $2 24. Rd8+ Rxd8 25. Qxd8+ Kg7 26. fxe4 $19) 24. Ke3 Rxf8 25. fxe4 $19 Qxg3+ 26. Kd4 b6 27. Qd5 Rc8 28. Rd3 Qg1+ 29. Re3 Qa1+ 0-1

[Event "FIDE WCCC U10 2018"]
[Site "Santiago de Compostela"]
[Date "2018.11.13"]
[Round "9"]
[White "Anand, Batsukh"]
[Black "Ning, Eric"]
[Result "1-0"]
[ECO "B31"]
[WhiteElo "1746"]
[BlackElo "1870"]
[Annotator "NA RC"]
[PlyCount "69"]
[EventDate "2018.11.04"]
[EventType "swiss"]
[EventCountry "ESP"]
[SourceTitle "playchess.com"]
[Source "ChessBase"]
[SourceQuality "1"]
[TimeControl "40/5400+30:1800+30"]

1. e4 c5 2. Nf3 Nc6 3. Bb5 g6 4. Bxc6 bxc6 5. O-O Bg7 6. Re1 Nh6 {[%emt 0:00:36] LiveBook: 674 Games} 7. e5 {[%emt 0:10:44] B31: Sicilian: 2...Nc6 3 Bb5 g6} (7. c3 O-O 8. h3 f5 9. e5 Nf7 10. d3 d6 11. Bf4 Ba6 12. Na3 Rb8 13. Qd2 dxe5 14. Nxe5 Nxe5 15. Bxe5 Bxe5 16. Rxe5 Qxd3 {1-0 (50) Amin,B (2686)-Guseinov,G (2667) Hoogeveen 2018}) 7... Nf5 8. d3 O-O 9. Nc3 d6 10. exd6 exd6 11. Ne4 h6 $146 ({Predecessor:} 11... Re8 12. c3 Be6 13. Bg5 f6 14. Bd2 {0-1 (46) Slinger,T (1911)-Lung,L (2090) Gibraltar 2017}) 12. c3 Re8 13. g4 Ne7 14. g5 h5 15. Bf4 Nf5 16. Qa4 Bb7 17. Rad1 Re6 18. Re2 Qe7 19. Rde1 Kh8 20. Ng3 Nxg3 (20... Rxe2 $11 {hält das Gleichgewicht.} 21. Rxe2 Qd7) 21. Rxe6 fxe6 22. hxg3 (22. Nh4 $16 Kh7 23. Bxg3) 22... Qd7 23. Nh4 e5 24. Nxg6+ Kg8 25. Be3 Qe6 {[%emt 0:00:50] [#]} 26. Nh4 $1 Qd5 27. Qe4 Rf8 28. Qg6 Qf7 29. Qxd6 Qxa2 (29... Re8 $142 30. g6 Qd5) 30. Bxc5 Qf7 31. g6 Qb3 32. c4 Bc8 $18 33. Qc7 Qb7 34. Qxb7 Bxb7 35. Bxf8 1-0

[Event "FIDE WCCC U10 2018"]
[Site "Santiago de Compostela"]
[Date "2018.11.13"]
[Round "9"]
[White "Matsumura, Cocoro"]
[Black "Zhong, Kevin"]
[Result "1/2-1/2"]
[ECO "B58"]
[WhiteElo "1699"]
[BlackElo "2038"]
[Annotator "NA RC"]
[PlyCount "137"]
[EventDate "2018.11.04"]
[EventType "swiss"]
[EventCountry "ESP"]
[SourceTitle "playchess.com"]
[Source "ChessBase"]
[SourceQuality "1"]
[TimeControl "40/5400+30:1800+30"]

1. e4 c5 2. Nf3 d6 3. d4 cxd4 4. Nxd4 Nf6 5. Nc3 Nc6 {[%emt 0:00:00] LiveBook: 32027 Games} 6. Be2 g6 7. Be3 Bg7 8. f3 Qb6 $2 {[%emt 0:07:59] B72: Sicilian Dragon: 6 Be3, lines with h3+Bc4 and sidelines} (8... O-O $11 {und Schwarz muss sich keine Sorgen machen.} 9. Qd2 Nxd4 10. Bxd4 Be6 11. h4 Qa5 12. h5 Rfc8 13. hxg6 hxg6 14. g4 b5 15. g5 Nh7 16. Bxg7 Kxg7 17. Qd4+ f6 18. gxf6+ Nxf6 19. e5 dxe5 20. Qxe5 Bf7 {½-½ (20) Nikologorsky,M (2222)-Manik,M (2400) Pardubice 2018}) 9. Ncb5 $2 $146 ({Predecessor:} 9. Nf5 $1 $18 Qxb2 10. Nxg7+ Kd8 (10... Kf8 11. Na4 Qa3 12. Bh6 Qxa4 13. Nh5+ Ke8 14. Nxf6+ exf6 15. Bg7 Qb4+ 16. Qd2 Qxd2+ 17. Kxd2 {½-½ (27) Erlekam,S (1891)-Von Schlippe,N (2026) Neumarkt 2016}) 11. Kd2) 9... Qa5+ 10. Qd2 Qxd2+ 11. Kxd2 O-O 12. c4 a6 13. Nxc6 bxc6 14. Nd4 Bb7 15. Rac1 Nd7 (15... a5 $15) 16. Rhd1 c5 17. Nc2 a5 18. b3 Bc6 19. a3 Rfb8 20. Rb1 Kf8 21. Ke1 (21. a4 $11) 21... Rb7 22. Bd2 Rab8 23. Na1 Bxa1 24. Rxa1 Rxb3 25. Bxa5 Ra8 26. Bd2 Raxa3 27. Rdb1 Rxb1+ 28. Rxb1 f6 29. Bc1 Ra4 30. Bd2 Ne5 31. Bd1 Ra8 ({Stronger than} 31... Rxc4 32. Rb8+ Kf7 33. Bb3 $11) ({Worse is} 31... Nxc4 32. Bxa4 Bxa4 33. Rb8+ Kf7 34. Bc3 $11) 32. Be2 Bd7 33. Rb7 Be6 34. Bh6+ Kf7 35. f4 {[%emt 0:00:35] [#]} Nxc4 $2 (35... Nc6 $1 $19 36. f5 Bc8) 36. g4 Na5 37. Rb1 Bc4 38. Ra1 Bxe2 39. Kxe2 Ra7 40. Kd3 Nc6 41. Rxa7 Nxa7 42. Kc4 Nc6 43. g5 fxg5 44. Bxg5 Ke6 45. e5 Nd4 46. Bh4 Nf5 47. Bf2 dxe5 48. fxe5 Kxe5 49. Kxc5 Kf4 50. Kd5 e5 51. Ba7 e4 52. Bb8+ Kf3 53. Be5 e3 54. Bc3 e2 55. Ke6 Kf2 56. Kf7 e1=Q 57. Bxe1+ Kxe1 58. Kg8 h5 59. Kf7 Kf2 60. Kxg6 h4 61. Kxf5 Kf3 62. h3 Kg3 63. Ke4 Kg2 64. Kf4 Kxh3 65. Kf3 $8 Kh2 $11 66. Kf2 h3 67. Kf1 $11 Kh1 68. Kf2 Kh2 69. Kf1 1/2-1/2